 Dungeon Crawl Stone Soup version 0.28-a0-425-gd0eccab798 (webtiles) character file.

Game seed: 7818264707484101422

37 Devinter the Twirler (level 3, -2/25 (29) HPs)
             Began as a Demonspawn Gladiator on Sept 9, 2021.
             Slain by a goblin (5 damage)
             ... led by Robin
             ... on level 2 of the Dungeon.
             The game lasted 00:06:04 (1440 turns).

Devinter the Twirler (Demonspawn Gladiator)         Turns: 1440, Time: 00:06:04

HP:   -2/25 (29)    AC:  3    Str: 14    XL:     3   Next: 21%
MP:   3/3           EV: 12    Int:  9    God:
Gold: 63            SH:  4    Dex: 15    Spells: 2/2 levels left

rFire   . . .      SeeInvis .   a - +0 quarterstaff
rCold   . . .      Faith    .   (shield currently unavailable)
rNeg    . . .      Spirit   .   b - +0 leather armour
rPois   .          Reflect  .   (helmet restricted)
rElec   .          Harm     .   (no cloak)
rCorr   .          Rampage  .   (no gloves)
Will    .....                   (no boots)
Stlth   +.........              (no amulet)
HPRegen 0.08/turn               (no ring)
MPRegen 0.08/turn               (no ring)

@: heavily drained
A: horns 1, large bone plates 1
a: no special abilities


You were on level 2 of the Dungeon.
You visited 1 branch of the dungeon, and saw 2 of its levels.

You collected 63 gold pieces.

Inventory:

Hand Weapons
 a - a +0 quarterstaff (weapon)
Missiles
 d - 3 throwing nets (quivered)
 j - 11 arrows
Armour
 b - a +0 leather armour (worn)
 c - a +0 helmet
Scrolls
 e - 2 scrolls of identify {unknown}
 g - 2 scrolls of amnesia {unknown}
 i - a scroll of teleportation {unknown}
Potions
 f - a potion of degeneration {unknown}
 h - a potion of curing {unknown}
 k - a potion of heal wounds {unknown}


   Skills:
 + Level 3.0 Fighting
 - Level 3.0 Staves
 - Level 2.0 Throwing
 - Level 3.0 Dodging


You had 2 spell levels left.
You didn't know any spells.
Your spell library was empty.

Dungeon Overview and Level Annotations

Branches:
Dungeon (2/15)

Altars:

Shops:
D:1 =(

Annotations:
D:2 Robin


Innate Abilities, Weirdness & Mutations

You have a pair of small horns on your head.
You are partially covered in large bone plates. (SH +4)


Message History

There is a stone staircase leading down here.
You start resting.
HP restored.
You climb downwards.
Level annotation: Robin The goblin hits you with a +2 dagger of draining.
You feel drained. The rat closely misses you.
The goblin hits you with a +2 dagger of draining.
You feel drained.
There is a stone staircase leading up here.
You closely miss the goblin. The rat closely misses you.
The goblin closely misses you.
Robin roars a battlecry!
The goblins go into a battle-frenzy!
You hit the goblin.
You kill the goblin!
The rat bites you but does no damage.
You completely miss the rat. You headbutt the rat.
The rat is severely wounded.
The rat bites you. The rat barely misses you.
You sock the rat!
You kill the rat!
Robin throws the goblin at you! The goblin hits you with a +0 dagger.
You barely miss the goblin. Your headbutt misses the goblin.
The goblin hits you with a +0 dagger. The goblin closely misses you.
The goblin hits you but does no damage.
You closely miss the goblin. The goblin hits you with a +0 dagger.
* * * LOW HITPOINT WARNING * * *
The goblin hits you with a +0 dagger.
* * * LOW HITPOINT WARNING * * *
You closely miss the goblin. The goblin hits you but does no damage.
The goblin hits you with a +0 dagger.
* * * LOW HITPOINT WARNING * * *
Robin throws the goblin at you! The goblin hits you with a +0 dagger.
* * * LOW HITPOINT WARNING * * *
The goblin hits you with a +0 dagger.
* * * LOW HITPOINT WARNING * * *
The goblin hits you with a +0 dagger.
You die...

#.##
#####†#
#.# #.#
#.# #r#
#.# #g#
#.# #.#
#.#
#.#### #
#.#
#.g..# #
#g#
####.###
## #@#
#.g.# ..
#gg#
###g# ..
#.## #.#
.. #.##
.##
###..#
.#
###....#
.. #.
#.g.####
.. #
##g### .
#..#


You could see Robin and 2 goblins.

Vanquished Creatures
  A worm (D:2)
  3 bats
  3 endoplasms (D:1)
  2 giant cockroaches (D:2)
  6 goblins
  6 hobgoblins
  A quokka (D:1)
  A ball python (D:1)
  3 frilled lizards (D:1)
  2 kobolds (D:1)
  2 rats
30 creatures vanquished.

Notes
Turn   | Place    | Note
-------+----------+-------------------------------------------
     0 | D:1      | Devinter the Demonspawn Gladiator began the quest for the
                  | Orb.
     0 | D:1      | Reached XP level 1. HP: 16/16 MP: 1/1
   159 | D:1      | Found Geodix's Weapon Shoppe.
   171 | D:1      | Found Zisucu's Jewellery Emporium.
   304 | D:1      | Reached skill level 2 in Throwing
   334 | D:1      | Gained mutation: You have a pair of small horns on your
                  | head. [demonic ancestry]
   334 | D:1      | Reached XP level 2. HP: 21/22 MP: 2/2
   438 | D:1      | Reached skill level 3 in Staves
   455 | D:1      | Reached skill level 3 in Dodging
   729 | D:1      | Found a faded altar of an unknown god.
  1124 | D:2      | Noticed Robin
  1134 | D:2      | Gained mutation: You are partially covered in large bone
                  | plates. (SH +4) [demonic ancestry]
  1134 | D:2      | Reached XP level 3. HP: 27/28 MP: 3/3
  1146 | D:2      | Reached skill level 3 in Fighting
  1440 | D:2      | Slain by a goblin

Illustrated notes

Levels and vault maps discovered:
D:1:      dpeg_arrival_tiny_a, layout_basic,
          ebering_ecumenical_altar_sacrificial, serial_shops,
          nicolae_shop_trees, shop
D:2:      layout_rooms, uniq_robin

Skill      XL: |  1  2  3 |
---------------+----------+-----
Throwing       | 2 |  2.0
Staves         | 3 |  3.0
Dodging        | 3 |  3.0
Fighting       | 3 |  3.0

Action                   || total
-------------------------++-------
Melee: Quarterstaff      ||    79
       Headbutt          ||    12
 Stab: Sleeping          ||     1
Armor: Leather armour    ||    17
Dodge: Dodged            ||    46
Block: Other             ||     2

Table legend: (Time is in decaauts)
 A = Elapsed time spent in this place.
 B = Non-inter-level travel time spent in this place.
 C = Inter-level travel time spent in this place.
 D = Time resting spent in this place.
 E = Time spent auto-exploring this place.
 F = Levels seen in this place.
 G = Mean time per level.
                   A        B        C        D        E       F      G
               +--------+--------+--------+--------+--------+-----+--------+
         Total |   1453 |   1388 |     65 |    579 |    269 |   2 |  726.5 |
       Dungeon |   1453 |   1388 |     65 |    579 |    269 |   2 |  726.5 |
               +--------+--------+--------+--------+--------+-----+--------+

Top non-repeatable levels by time:
     D:1: 1322 daAuts
     D:2: 130 daAuts
